 Dungeon Crawl Stone Soup version 0.31-a0-819-gf6de2f5ab6 (webtiles) character file.

Game seed: 12565590319514637498

15803 themarg the Grappler (level 12, -3/107 (126) HPs)
             Began as a Troll Fighter on Sept 19, 2023.
             Was a High Priest of Okawaru.
             Slain by a spectral orc knight
             ... wielding a +0 war axe
             ... summoned by Nergalle
              (16 damage)
             ... on level 2 of the Lair of Beasts on Sept 24, 2023.
             The game lasted 00:39:12 (10015 turns).

themarg the Grappler (Troll Fighter)               Turns: 10015, Time: 00:39:12

HP:   -3/107 (126)  AC:  8    Str: 31    XL:     12   Next: 4%
MP:   16/16         EV: 10    Int: 10    God:    Okawaru [*****.]
Gold: 600           SH: 10    Dex:  9    Spells: 11/11 levels left

rFire   . .          .
                       - Unarmed
rCold   + . .        b - +0 kite shield
rNeg    . . .        D - +0 troll leather armour
rPois   .            (helmet restricted)
rElec   .            t - +2 cloak
rCorr   .            (gloves unavailable)
SInv    .            (boots unavailable)
Will    .....        L - amulet of regeneration
Stlth   +            o - ring of protection from cold
HPRegen 2.77/turn    k - +6 ring of intelligence
MPRegen 0.15/turn

%: no passive effects
@: about to teleport, studying Unarmed Combat, heavily drained
A: large, unfitting armour, claws 3, regeneration 1, shaggy fur 1, tough skin 1
a: Renounce Religion, Heroism, Finesse, Duel


You were on level 2 of the Lair of Beasts.
You worshipped Okawaru.
Okawaru was extremely pleased with you.
You visited 3 branches of the dungeon, and saw 12 of its levels.

You collected 600 gold pieces.

Inventory:

Hand Weapons
 C - a +2 dire flail of protection
Missiles
 h - 16 boomerangs (quivered)
 j - 67 stones
 J - 30 poisoned darts
 N - 7 large rocks
 P - 2 throwing nets
 U - 6 curare-tipped darts
Armour
 b - a +0 kite shield (worn)
 t - a +2 cloak (worn)
 D - a +0 troll leather armour (worn)
Jewellery
 e - a ring of magical power
 k - a +6 ring of intelligence (right claw)
 o - a ring of protection from cold (left claw)
 q - a +6 ring of intelligence
 x - a ring of resist corrosion
 L - an amulet of regeneration (around neck)
 O - a ring of protection from fire
Wands
 s - a wand of flame (12)
 B - a wand of iceblast (6)
 F - a wand of quicksilver (23)
 V - a wand of mindburst (4)
Scrolls
 g - a scroll of blinking
 i - a scroll of silence
 m - a scroll of fear {unknown}
 p - 4 scrolls of revelation
 w - 5 scrolls of vulnerability
 y - a scroll of brand weapon
 z - a scroll of poison
 E - a scroll of torment
 G - a scroll of noise {unknown}
 K - a scroll of butterflies {unknown}
 M - a scroll of enchant weapon {unknown}
 R - a scroll of amnesia {unknown}
 S - a scroll of fog {unknown}
 T - 2 scrolls of identify
Potions
 a - a potion of invisibility
 c - 2 potions of might
 d - 3 potions of cancellation
 f - a potion of heal wounds {unknown}
 n - 4 potions of curing
 r - 2 potions of lignification
 v - a potion of enlightenment {unknown}
 A - 3 potions of ambrosia
 H - 2 potions of attraction
 I - a potion of mutation {unknown}
Miscellaneous
 Q - a lightning rod (4/4)


   Skills:
 - Level 10.0 Fighting
 + Level 3.4 Throwing
 - Level 5.0 Dodging
 + Level 8.6 Shields
 - Level 10.0 Unarmed Combat
 + Level 7.5 Invocations


You had 11 spell levels left.
You didn't know any spells.
Your spell library contained the following spells:

 Spells                   Type           Power      Damage    Failure   Level
 Necrotise                Necr           0%         1d4       56%         1
 Vampiric Draining        Necr           0%         2d6       90%         3
 Volatile Blastmotes      Fire/Tloc      0%         2d10      90%         3
 Fulminant Prism          Conj/Hex       0%         3d5       100%        4
 Iskenderun's Mystic Bla  Conj/Tloc      0%         2d3       100%        4
 Agony                    Necr           0%         N/A       100%        5


Dungeon Overview and Level Annotations

Branches:
Dungeon (9/15)             Temple (1/1) D:4            Lair (2/5) D:9
  Swamp: Lair:2-3    Shoals: Lair:2-3     Snake: Lair:2-3    Spider: Lair:2-3
    Orc: D:9-12

Altars:
Ashenzari
Cheibriados
Dithmenos
Elyvilon
Fedhas
Gozag
Hepliaklqana
Kikubaaqudgha
Makhleb
Nemelex Xobeh
Okawaru
Qazlal
Ru
Sif Muna
Trog
Uskayaw
Vehumet
Wu Jian
Xom
Yredelemnul
Zin
The Shining One
Jiyva

Shops:
D:3 *   D:4 :

Annotations:
D:3 1 runed translucent door
Lair:1 exclusion: downstairs
Lair:2 Nergalle


Innate Abilities, Weirdness & Mutations

You are too large for most types of armour.
You have claws for hands.
Your natural rate of healing is unusually fast.
You are covered in fur. (AC +1)
You have tough skin. (AC +1)


Message History

Orcish apparitions take form around you.
The spectral orc knight barely misses you.
You scratch Nergalle but do no damage.
Nergalle is heavily wounded.
You block the spectral orc warrior's attack. x2
The spectral orc warrior hits you from afar with a +0 halberd.
You feel drained.
Nergalle blows her nose.
Nergalle hits you with a +2 dagger of electrocution.
The spectral orc knight hits you with a +0 war axe!!
The spectral orc warrior hits you with a +0 battleaxe!
You feel drained.
As you read the scroll of teleportation, it crumbles to dust.
You feel strangely unstable.
The spectral orc warrior completely misses you.
The spectral orc warrior hits you from afar with a +0 halberd!
The spectral orc warrior hits you with a +0 short sword.
The spectral orc warrior hits you from afar with a +0 trident.
The spectral orc warrior hits you with a +0 battleaxe.
* * * LOW HITPOINT WARNING * * *
You feel drained.
* * * LOW HITPOINT WARNING * * *
Nergalle hits you with a +2 dagger of electrocution.
* * * LOW HITPOINT WARNING * * *
You block the spectral orc knight's attack.
You completely miss Nergalle.
Nergalle is heavily wounded.
The spectral orc warrior hits you with a +0 battleaxe!
* * * LOW HITPOINT WARNING * * *
The spectral orc warrior hits you with a +0 war axe!
* * * LOW HITPOINT WARNING * * *
You feel drained.
* * * LOW HITPOINT WARNING * * *
The spectral orc warrior misses you.
You block the spectral orc warrior's attack.
The spectral orc warrior hits you but does no damage.
Nergalle blows her nose.
You block Nergalle's attack.
The spectral orc knight hits you with a +0 war axe!
You die...

#...# ..#
#...#### ...#
#....#)##
.<...
##....#.#
#...# #####
##.....#
#...###...#
#.....#
#..Z...Z.#
###....
#.?Z...# ##...
##ZZ@..# #P...
#..oZZ.###
#....
#....#<...###
###†.
#...##......##
#.... #(..#
###...#.#
##... ....#
#..†.### ##..
...# #.#....#
#... .)#
####††.# #...
... ##...#.#
##..


You could see Nergalle, 5 spectral orc warriors and 2 spectral orc knights.

Vanquished Creatures
  A boulder beetle (Lair:1)
  A skyshark (Lair:1)
  A cyclops (D:9)
  3 elephants (Lair:2)
  2 black mambas (Lair:1)
  2 cane toads (Lair:1)
  A kobold demonologist (D:8)
  A rime drake (D:9)
  3 komodo dragons (Lair:2)
  A troll (D:8)
  5 blink frogs (Lair:2)
  A shadow (D:8)
  Sigmund (D:3)
  2 basilisks (Lair:1)
  2 wyverns
  19 yaks
  Grum (Lair:1)
  Menkaure (D:7)
  Edmund (D:5)
  Duvessa (D:4)
  6 water moccasins
  4 black bears
  2 orc warriors
  3 sky beasts
  4 ogres
  4 ice beasts
  10 wolves
  5 centaurs
  2 kobold brigands
  Blork the orc (D:5)
  6 bullfrogs
  2 scorpions
  A gnoll sergeant (D:9)
  Dowan (D:4)
  4 electric eels
  6 orc priests
  3 hounds
  5 jellies
  A sleepcap (D:4)
  2 gnoll boudas
  2 iguanas
  Jessica (D:3)
  Natasha (thrice) (D:3)
  9 orc wizards
  Terence (D:2)
  24 gnolls
  8 adders
  2 shadow imps
  An ufetubus (D:5)
  2 worms
  3 dart slugs
  27 orcs
  5 ball pythons
  5 endoplasms
  4 giant cockroaches
  5 goblins
  11 hobgoblins
  18 kobolds
  A quokka (D:4)
  4 bats
  A frilled lizard (D:2)
  A goblin zombie (D:3)
  5 rats
265 creatures vanquished.

Notes
Turn   | Place    | Note
-------+----------+-------------------------------------------
     0 | D:1      | themarg the Troll Fighter began the quest for the Orb.
     0 | D:1      | Reached XP level 1. HP: 22/22 MP: 0/0
   189 | D:1      | Reached XP level 2. HP: 29/29 MP: 1/1
   267 | D:1      | You fall into a shaft and drop 1 floor!
   402 | D:2      | Reached XP level 3. HP: 37/37 MP: 2/2
   468 | D:2      | Reached XP level 4. HP: 44/45 MP: 3/3
   670 | D:2      | Noticed Terence
  1144 | D:3      | Noticed Jessica
  1232 | D:3      | Reached XP level 5. HP: 53/54 MP: 4/4
  1271 | D:3      | Killed Jessica
  1289 | D:3      | Found a runed translucent door.
  1289 | D:3      | Noticed a human
  1294 | D:3      | Found a basalt altar of Yredelemnul.
  1373 | D:3      | Noticed Sigmund
  1403 | D:3      | Killed Sigmund
  1404 | D:3      | Reached skill level 5 in Unarmed Combat
  1404 | D:3      | Reached XP level 6. HP: 48/63 MP: 5/5
  1627 | D:3      | Found a faded altar of an unknown god.
  1686 | D:3      | Noticed Natasha
  1697 | D:3      | Killed Natasha
  1846 | D:3      | Noticed Natasha
  1855 | D:3      | Killed Natasha
  1869 | D:3      | Found Biqiumni's Assorted Antiques.
  1999 | D:4      | Found a radiant altar of Vehumet.
  2011 | D:4      | Noticed Dowan
  2047 | D:3      | Noticed Natasha
  2050 | D:3      | Killed Natasha
  2212 | D:4      | Reached skill level 5 in Fighting
  2212 | D:4      | Reached XP level 7. HP: 72/72 MP: 6/6
  2257 | D:4      | Found Nuhedwin's Book Shop.
  2321 | D:4      | Found a staircase to the Ecumenical Temple.
  2343 | D:4      | Noticed Duvessa
  2357 | D:4      | Killed Duvessa
  2361 | D:4      | Killed Dowan
  2730 | Temple   | Entered the Ecumenical Temple
  2740 | Temple   | Became a worshipper of Warmaster Okawaru
  3379 | D:2      | Killed Terence
  3427 | D:5      | Entered Level 5 of the Dungeon
  3427 | D:5      | Noticed Blork the orc
  3530 | D:5      | Reached XP level 8. HP: 72/80 MP: 7/7
  3590 | D:5      | Reached skill level 1 in Invocations
  3602 | D:5      | Killed Blork the orc
  4052 | D:5      | Reached * piety under Okawaru
  4268 | D:5      | Noticed Edmund
  4283 | D:5      | Killed Edmund
  4367 | D:6      | Identified the +0 short sword of Zaesch Amaena {drain,
                  | Dex+2}
  4382 | D:6      | Reached skill level 5 in Invocations
  4786 | D:6      | Reached ** piety under Okawaru
  4847 | D:6      | Reached skill level 5 in Shields
  4847 | D:6      | Reached XP level 9. HP: 82/88 MP: 11/11
  5203 | D:7      | Found a hazy altar of Hepliaklqana.
  5447 | D:7      | Reached *** piety under Okawaru
  5477 | D:7      | Noticed Menkaure
  5506 | D:7      | Killed Menkaure
  5618 | D:7      | Reached skill level 10 in Unarmed Combat
  5663 | D:7      | Found an opulent altar of Gozag.
  6434 | D:8      | Reached **** piety under Okawaru
  6435 | D:8      | Reached XP level 10. HP: 104/104 MP: 12/12
  6999 | D:9      | Noticed a cyclops
  7303 | D:9      | Reached ***** piety under Okawaru
  7309 | D:9      | Identified the +6 great sword of Uncertain Death {chaos,
                  | rF+ rN+ Int+2}
  7372 | D:9      | Reached skill level 10 in Fighting
  7825 | D:9      | Killed a cyclops
  7958 | D:9      | Reached XP level 11. HP: 117/117 MP: 13/13
  7961 | D:9      | Found a staircase to the Lair.
  8021 | D:9      | Received a gift from Okawaru
  8037 | D:9      | Found a viscous altar of Jiyva.
  8099 | D:9      | Upgraded the game from 0.31-a0-795-g5eb97db20b to
                  | 0.31-a0-819-gf6de2f5ab6
  8144 | Lair:1   | Entered Level 1 of the Lair of Beasts
  8359 | Lair:1   | Found an iron altar of Okawaru.
  8520 | Lair:1   | Identified the +1 robe of Modesty {Str+2}
  8744 | Lair:1   | Noticed a boulder beetle
  8760 | Lair:1   | Killed a boulder beetle
  8760 | Lair:1   | Received a gift from Okawaru
  8761 | Lair:1   | Reached skill level 5 in Dodging
  8815 | Lair:1   | Noticed Grum
  8829 | Lair:1   | Killed Grum
  9454 | Lair:2   | Noticed an eight-headed hydra
  9536 | Lair:2   | Reached skill level 1 in Throwing
  9616 | Lair:2   | Noticed a skyshark
  9648 | Lair:1   | Killed a skyshark
  9648 | Lair:1   | Received a gift from Okawaru
  9982 | Lair:2   | Reached XP level 12. HP: 121/126 MP: 16/16
 10003 | Lair:2   | Noticed Nergalle
 10015 | Lair:2   | Slain by a spectral orc knight

Illustrated notes

Levels and vault maps discovered:
D:1:      erik_arrival_blinker_ship, layout_basic, st_stairs_6,
          minmay_misc_feat_alley
D:2:      layout_loops_ring, minmay_indecisive_spiral, uniq_terence
D:3:      layout_basic, dk_yredelemnul_ordeal,
          dilly_ecumenical_altar_fadedgnrine, serial_shops, shop, uniq_natasha,
          uniq_jessica, uniq_sigmund
D:4:      layout_basic, vehumet_altar_wand_db, minmay_temple_entry_slanted,
          serial_shops, nicolae_square_shop, uniq_duvessa
D:5:      layout_cave_pods, minmay_manual_monstrance, uniq_edmund,
          uniq_blork_the_orc
D:6:      layout_loops_ring, minmay_misc_feat_rugged, nicolae_nh_ransacked_shop
D:7:      layout_loops_corners, nicolae_overflow_hidden_temple,
          nzn_hepliaklqana_mist_gate, fountainhead, uniq_menkaure
D:8:      layout_basic
D:9:      layout_cross, hellmonk_lair_entry_icy, jiyva_altar_1
Temple:   regret_index_temple_chain_breaker
Lair:1:   layout_regular_city, basic_altar, nzn_sisyphean_effort,
          grunt_megastairs_4, infiniplex_staircase_pool_2, serial_bayou_shore_a,
          uniq_grum
Lair:2:   layout_hall_layers, nicolae_snake_entry_squirm, uniq_nergalle

Skill      XL: |  1  2  3  4  5  6  7  8  9 10 11 |
---------------+----------------------------------+-----
Fighting       | 3 4 5 7 10 | 10.0
Unarmed Combat | 3 4 5 8 10 | 10.0
Invocations    | 5 7 |  7.5
Shields        | 5 6 8 |  8.6
Dodging        | 4 5 |  5.0
Throwing       | 3 |  3.4

Action                     |  1- 3 |  4- 6 |  7- 9 | 10-12 || total
---------------------------+-------+-------+-------+-------++-------
  Melee: Unarmed           |    55 |   153 |   269 |   449 ||   926
  Throw: Dart              |       |       |       |    23 ||    23
         Throwing net      |       |       |       |     2 ||     2
         Boomerang         |       |       |       |     2 ||     2
         Javelin           |       |       |       |     1 ||     1
 Invoke: Heroism           |       |       |       |     3 ||     3
         Finesse           |       |       |       |     2 ||     2
  Evoke: Wand              |       |       |     5 |     5 ||    10
    Use: Scroll            |       |       |     8 |     9 ||    17
   Stab: Sleeping          |       |       |     1 |       ||     1
 Armour: Robe              |    25 |    94 |   152 |   152 ||   423
         Troll leather arm |       |       |       |   175 ||   175
  Dodge: Dodged            |    17 |    43 |    78 |   165 ||   303
  Block: Kite shield       |    11 |    38 |    72 |   203 ||   324

Table legend: (Time is in decaauts)
 A = Elapsed time spent in this place.
 B = Non-inter-level travel time spent in this place.
 C = Inter-level travel time spent in this place.
 D = Time resting spent in this place.
 E = Time spent auto-exploring this place.
 F = Levels seen in this place.
 G = Mean time per level.
                   A        B        C        D        E       F      G
               +--------+--------+--------+--------+--------+-----+--------+
         Total |   9970 |   9443 |    527 |    763 |   6502 |  12 |  830.8 |
       Dungeon |   8101 |   7642 |    459 |    423 |   5517 |   9 |  900.1 |
        Temple |     20 |      2 |     18 |      0 |      0 |   1 |   20.0 |
          Lair |   1847 |   1797 |     50 |    340 |    985 |   2 |  923.5 |
               +--------+--------+--------+--------+--------+-----+--------+

Top non-repeatable levels by time:
  Lair:1: 1374 daAuts
     D:8: 1268 daAuts
     D:2: 1268 daAuts
     D:7: 1027 daAuts
     D:5: 894 daAuts
     D:3: 833 daAuts
     D:4: 809 daAuts
     D:6: 741 daAuts
     D:9: 722 daAuts
     D:1: 535 daAuts
  Lair:2: 473 daAuts
  Temple: 20 daAuts
